 Dungeon Crawl Stone Soup version 0.30-a0-381-g6ea064c7b4 (webtiles) character file.

Game seed: 18214770567076999484

33 qeuew the Trooper (level 3, -1/29 HPs)
             Began as a Demonspawn Monk on Dec 1, 2022.
             Was an Initiate of Yredelemnul.
             Slain by a gnoll
             ... wielding a +0 spear
              (5 damage)
             ... on level 2 of the Dungeon.
             The game lasted 00:01:35 (1309 turns).

qeuew the Trooper (Demonspawn Monk)                 Turns: 1309, Time: 00:01:36

Health: -1/29      AC:  2    Str: 11    XL:     3   Next: 12%
Magic:  3/3        EV: 13    Int: 13    God:    Yredelemnul [......]
Gold:   129        SH:  0    Dex: 15    Spells: 2/2 levels left

rFire   . . .      SeeInvis .    a - +0 hand axe
rCold   . . .      Faith    .    (no shield)
rNeg    . . .      Spirit   .    b - +0 robe
rPois   .          Reflect  +    (helmet restricted)
rElec   .          Harm     .    (no cloak)
rCorr   .          Rampage  .    (no gloves)
Will    .....                    (no boots)
Stlth   +.........               h - amulet of reflection
HPRegen 0.24/turn                (no ring)
MPRegen 0.08/turn                (no ring)

@: confused, ambrosia-drunk
A: antennae 1
a: Renounce Religion, Recall Undead Harvest


You were on level 2 of the Dungeon.
You worshipped Yredelemnul.
Yredelemnul was noncommittal.
You visited 1 branch of the dungeon, and saw 2 of its levels.

You collected 129 gold pieces.

Inventory:

Hand Weapons
 a - a +0 hand axe (weapon)
Armour
 b - a +0 robe (worn)
Jewellery
 h - an amulet of reflection (around neck)
Scrolls
 d - a scroll of noise {unknown}
 e - 2 scrolls of identify {unknown}
 i - a scroll of vulnerability {unknown}
Potions
 f - 2 potions of lignification {unknown}
 g - a potion of heal wounds {unknown}


   Skills:
 + Level 3.3 Fighting
 + Level 3.0 Axes
 + Level 1.1 Armour
 + Level 3.0 Dodging
 - Level 1.7 Stealth
 * Level 0.2 Invocations


You had 2 spell levels left.
You didn't know any spells.
Your spell library contained the following spells:

 Spells                   Type           Power      Damage    Failure   Level
 Gell's Gravitas          Tloc           0%         N/A       67%         3
 Teleport Other           Tloc           0%         N/A       67%         3
 Dispersal                Tloc           0%         N/A       100%        6


Dungeon Overview and Level Annotations

Branches:
Dungeon (2/15)

Altars:
Yredelemnul


Innate Abilities, Weirdness & Mutations

You have a pair of small antennae on your head.


Message History

You completely miss the gnoll. The gnoll barely misses you.
The gnoll hits you with a +0 halberd.
The gnoll hits you from afar with a +0 spear!
* * * LOW HITPOINT WARNING * * *
Your kobold zombie hits the gnoll but does no damage. x2
You are confused.
You feel invigorated. The gnoll misses you. The gnoll barely misses you.
The gnoll hits you from afar with a +0 spear.
* * * LOW HITPOINT WARNING * * *
Your kobold zombie hits the gnoll but does no damage.
Your kobold zombie hits the gnoll.
Unknown command.
Are you sure you want to stumble around while confused and next to your kobold zombie?
Okay, then.
The gnoll closely misses you.
The gnoll hits your kobold zombie with a +0 halberd!
Your kobold zombie is destroyed!
An endoplasm comes into view.
The gnoll closely misses you.
A dart slug comes into view.
The gnoll barely misses you.
The gnoll hits your goblin zombie with a +0 halberd.
The gnoll hits you from afar with a +0 spear.
Your kobold zombie hits the gnoll.
Your goblin zombie hits the gnoll.
The gnoll misses your goblin zombie. The gnoll hits you with a +0 flail!
* * * LOW HITPOINT WARNING * * *
The gnoll completely misses you.
Your kobold zombie barely misses the gnoll.
Your goblin zombie barely misses the gnoll.
The gnoll hits you but does no damage.
The gnoll hits your goblin zombie with a +0 halberd.
The gnoll hits you from afar with a +0 spear.
Your kobold zombie hits the gnoll.
The gnoll barely misses your goblin zombie.
The gnoll hits you with a +0 flail!
* * * LOW HITPOINT WARNING * * *
Your goblin zombie barely misses the gnoll.
The gnoll hits you from afar with a +0 spear.
You die...
Your body rises from the dead as a mindless zombie.

.........# #
.........#.# . ....
...........# .#. ....
.....).......##.. .....
.............##.# #.....
...........#....##Jw..
.............##.#.g.#
<.......<......Zg..#
##.............Z@g###
###.#...............#.
.......................#
###......###..#.######..
##[....####....# #
###...Z...###....#
#..........###...#
...........# #!..#
......)....# #...#


You could see 3 gnolls, a dart slug, an endoplasm, a friendly goblin zombie and
a friendly kobold zombie.

Vanquished Creatures
  A dart slug (D:1)
  3 endoplasms
  A goblin (D:1)
  2 hobgoblins (D:1)
  3 jackals (D:1)
  3 quokkas (D:1)
  3 ball pythons (D:1)
  A bat (D:1)
  2 frilled lizards (D:1)
  6 kobolds
  2 rats (D:1)
27 creatures vanquished.

Vanquished Creatures (collateral kills)
  A goblin (D:2)
  A frilled lizard (D:1)
2 creatures vanquished.

Vanquished Creatures (others)
  A kobold zombie (D:2)
1 creature vanquished.

Grand Total: 30 creatures vanquished

Notes
Turn   | Place    | Note
-------+----------+-------------------------------------------
     0 | D:1      | qeuew the Demonspawn Monk began the quest for the Orb.
     0 | D:1      | Reached XP level 1. HP: 18/18 MP: 1/1
   334 | D:1      | Gained mutation: You have a pair of small antennae on your
                  | head. [demonic ancestry]
   334 | D:1      | Reached XP level 2. HP: 22/24 MP: 2/2
   610 | D:1      | Reached skill level 1 in Armour
   809 | D:1      | Found a faded altar of an unknown god.
   998 | D:1      | Prayed at the altar of an unknown god.
   998 | D:1      | Became a worshipper of Yredelemnul the Dark
   998 | D:1      | Reached * piety under Yredelemnul
   998 | D:1      | Reached ** piety under Yredelemnul
  1075 | D:1      | Reached XP level 3. HP: 22/29 MP: 3/3
  1309 | D:2      | Slain by a gnoll

Illustrated notes

Levels and vault maps discovered:
D:1:      sevenhm_arrival_forest_fort_small_3, layout_loops_corners,
          shapermc_ecumenical_altar_mp_highgroup
D:2:      layout_rooms, nicolae_hexahallways, reono_crystal_passage

Skill      XL: |  1  2 |
---------------+-------+-----
Axes           | 3 |  3.0
Armour         | 1 |  1.1
Dodging        | 3 |  3.0
Fighting       | |  3.3
Stealth        | |  1.7
Invocations    | |  0.2

Action                   || total
-------------------------++-------
Melee: Hand axe          ||    81
       Punch             ||     3
  Use: Potion            ||     1
 Stab: Sleeping          ||     5
Armor: Robe              ||    10
Dodge: Dodged            ||    55
Block: Other             ||     2

Table legend: (Time is in decaauts)
 A = Elapsed time spent in this place.
 B = Non-inter-level travel time spent in this place.
 C = Inter-level travel time spent in this place.
 D = Time resting spent in this place.
 E = Time spent auto-exploring this place.
 F = Levels seen in this place.
 G = Mean time per level.
                   A        B        C        D        E       F      G
               +--------+--------+--------+--------+--------+-----+--------+
         Total |   1321 |   1229 |     92 |      0 |   1015 |   2 |  660.5 |
       Dungeon |   1321 |   1229 |     92 |      0 |   1015 |   2 |  660.5 |
               +--------+--------+--------+--------+--------+-----+--------+

Top non-repeatable levels by time:
     D:1: 1240 daAuts
     D:2: 81 daAuts
